 Dungeon Crawl Stone Soup version 0.20-a0-971-g5896763 (webtiles) character file.

41638 Gorglomux the Fighter (level 14, -3/119 HPs)
             Began as a Formicid Warper on Apr 8, 2017.
             Was an Initiate of Jiyva.
             Slain by a naga warrior
             ... wielding a +0 short sword
             ... created by the fury of Okawaru
              (13 damage)
             ... in a labyrinth.
             The game lasted 00:55:33 (19098 turns).

Gorglomux the Fighter (Formicid Warper)            Turns: 19098, Time: 00:55:34

Health: -3/119     AC: 17    Str: 19    XL:     14   Next: 51%
Magic:  20/20      EV: 13    Int: 12    God:    Jiyva [......]
Gold:   736        SH: 12    Dex: 23    Spells: 17/17 levels left

rFire    . . .     SeeInvis +   a - +8 frozen axe "Frostbite" {freezing cloud, *Noise +Fly rC+}
rCold    + + .     Gourm    .   h - +0 shield
rNeg     . . .     Faith    .   x - +0 shadow dragon scales
rPois    +         Spirit   .   (helmet unavailable)
rElec    .         Reflect  .   F - scarf {rC+}
rCorr    .         Harm     .   (no gloves)
MR       +....                  m - +0 pair of boots
Stlth    ++++......             r - amulet of regeneration
Regen    0.7/turn               k - +5 ring of dexterity
MPRegen  0.2/turn               o - ring of poison resistance

@: agile, lethally poisoned (-3 -> -4), very slightly contaminated, constricted,
invisible
A: permanent stasis, dig shafts and tunnels, four strong arms, antennae 3
a: Dig, Shaft Self, Renounce Religion, Evoke Flight


You were in a labyrinth.
You worshipped Jiyva.
Jiyva was noncommittal.
You were hungry.

You visited 3 branches of the dungeon, and saw 19 of its levels.
You also visited: Labyrinth.

You collected 1016 gold pieces.
You spent 280 gold pieces at shops.

Inventory:

Hand Weapons
 a - the +8 frozen axe "Frostbite" (weapon) {freezing cloud, *Noise +Fly rC+}
   (You took it off a deep elf mage on level 7 of the Dungeon)

   It has been specially enchanted to freeze those struck by it, causing extra
   injury to most foes and up to half again as much damage against particularly
   susceptible opponents.
   It can also slow down cold-blooded creatures.
   It protects you from cold.
   It lets you fly.
   It may make noises in combat.
 b - a +0 blowgun
Missiles
 e - 5 tomahawks of dispersal (quivered)
 n - 4 curare-tipped needles
 Z - 3 throwing nets
Armour
 h - a +0 shield (worn)
 m - a +0 pair of boots (worn)
 x - +0 shadow dragon scales (worn)
 F - a scarf of cold resistance (worn)
Jewellery
 c - an uncursed ring of protection from cold
 g - an uncursed ring of resist corrosion
 k - a +5 ring of dexterity (left hand)
 o - a ring of poison resistance (right hand)
 r - an amulet of regeneration (around neck)
Wands
 A - a wand of acid (9/15)
 D - a wand of digging (19/24)
 I - a wand of iceblast (9/15)
 L - a wand of lightning (2/15)
 P - a wand of paralysis (11/24)
Scrolls
 i - a scroll of acquirement
 q - 2 scrolls of summoning {unknown}
 t - a scroll of fog
 u - a scroll of enchant weapon {unknown}
 B - 2 scrolls of enchant armour {unknown}
 C - 6 scrolls of immolation
 G - 11 scrolls of remove curse
 M - 4 scrolls of magic mapping
 N - 2 scrolls of amnesia {unknown}
 O - a scroll of silence
 R - a scroll of identify
 S - 2 scrolls of recharging {unknown}
 T - a scroll of brand weapon {unknown}
 W - a scroll of fear {unknown}
Potions
 d - a potion of lignification
 j - a potion of magic
 p - 2 potions of mutation
 w - 3 potions of curing
 y - 3 potions of resistance
 H - a potion of heal wounds
 Q - 2 potions of brilliance
 V - 6 potions of flight
 X - 2 potions of agility
 Y - a potion of invisibility
Comestibles
 f - 10 bread rations
 l - 8 meat rations
 v - 8 fruits
 E - 6 royal jellies


   Skills:
 + Level 13.8 Fighting
 + Level 13.0 Axes
 - Level 1.0 Throwing
 + Level 12.1 Armour
 - Level 5.5 Dodging
 - Level 7.1 Shields
 - Level 2.1 Spellcasting
   Level 2.6 Translocations
   Level 9.2 Invocations


You had 17 spell levels left.
You didn't know any spells.

Dungeon Overview and Level Annotations

Branches:
Dungeon (12/15)            Temple (1/1) D:5            Lair (6/6) D:8
 Shoals (0/4) Lair:4       Spider (0/4) Lair:3        Slime (0/5) Lair:5
    Orc (0/2) D:10

Altars:
Cheibriados
Gozag
Hepliaklqana
Okawaru
Qazlal
Ru
Sif Muna
Vehumet
Jiyva

Shops:
D:11 *

Annotations:
Lair:2 exclusion: hydra
Lair:3 exclusion: hydra
Lair:6 exclusion: hydra


Innate Abilities, Weirdness & Mutations

You cannot be hasted, slowed, berserked, paralysed or teleported.
You can dig through walls and to a lower floor.
Your four strong arms can wield two-handed weapons with a shield.
You have a pair of large antennae on your head. (SInv)


Message History

The naga hits you with a short sword!
* * * LOW HITPOINT WARNING * * *
The naga warrior is engulfed in freezing vapours.
You block the naga warrior's attack.
* * * LOW HITPOINT WARNING * * *
The naga warrior constricts you.
You slice the naga!! You freeze the naga!
You kill the naga!
That felt strangely unrewarding.
The naga warrior blocks your attack.
You feel sick.
The naga warrior is engulfed in freezing vapours.
The naga warrior spits poison at you. The splash of poison hits you!
You resist.
* * * LOW HITPOINT WARNING * * *
x2 The naga warrior constricts you.
Your shadow dragon scales prevents you from hitting the naga warrior.
The naga warrior is heavily wounded.
The naga warrior is engulfed in freezing vapours.
The naga warrior hits you with a short sword!
You die...

. # . # #.# #
. .# #.
#.##### #
.... #### .#
### ###
...#.. ..
...#
#.#########.
#...@.......#
#####N###.#.#
#....N..#{ {
######.#.#
..#. .## . .
# . ..


You could see a naga warrior and a naga.

Vanquished Creatures
  A deep elf blademaster (Lab)
  Harold (Lair:4)
  The ghost of zhorgal the Cleaver, a journeyman DDFi of Makhleb (Lair:1)
  Fannar (Lair:2)
  3 hydras
  Erica (Lair:2)
  The ghost of George the Destroyer, a journeyman DrCj of Vehumet (D:9)
  A two-headed ogre (D:8)
  Pikel (D:4)
  3 cyclopes
  A deep elf mage (D:7)
  An oklob plant (Lair:1)
  A centaur zombie (D:10)
  2 manticores (D:7)
  Maurice (D:9)
  6 black mambas
  4 elephants (Lair:3)
  2 molten gargoyles (Lair:4)
  A gargoyle (D:10)
  10 spiny frogs
  2 rime drakes (Lair:3)
  6 komodo dragons
  A polar bear (Lair:5)
  A queen bee (Lair:3)
  A troll (D:9)
  A hornet (D:10)
  5 slime creatures
  3 blink frogs (Lair:3)
  6 hippogriffs
  A spriggan (D:7)
  Sigmund (D:6)
  A yak (shapeshifter) (D:7)
  2 wyverns
  4 basilisks
  37 yaks
  3 steam dragons
  2 hungry ghosts
  Menkaure (D:6)
  A vampire mosquito (D:7)
  8 water moccasins
  A naga (Lab)
  An acid dragon (D:11)
  10 porcupines
  7 orc warriors
  3 sky beasts
  4 ice beasts
  3 black bears
  3 phantoms
  A necrophage (D:9)
  2 eyes of draining
  2 ogres
  8 wolves
  10 centaurs
  7 crocodiles
  5 big kobolds
  Blork the orc (D:6)
  19 bullfrogs
  2 wyvern zombies
  4 scorpions
  27 killer bees
  4 wights (D:8)
  3 electric eels
  9 howler monkeys (D:10)
  2 crimson imps
  5 lava snakes (Lair:4)
  2 jellies
  A quasit (D:9)
  A bullfrog zombie (D:7)
  A bullfrog skeleton (D:9)
  3 centaur skeletons
  6 orc priests
  6 hounds
  25 orc wizards
  Natasha (D:2)
  Terence (D:1)
  5 iguanas
  11 worker ants
  A hell rat (Lair:3)
  A bullfrog simulacrum (D:7)
  A hound skeleton (D:11)
  3 worker ant zombies
  13 adders
  3 gnolls
  2 howler monkey skeletons
  A shadow imp (D:8)
  2 oozes
  A worm (D:5)
  An adder skeleton (D:6)
  An adder zombie (D:8)
  A dart slug (D:4)
  5 leopard geckos
  74 orcs
  10 bats
  2 giant cockroaches
  8 goblins
  7 hobgoblins
  8 jackals
  27 kobolds
  8 quokkas
  3 ball pythons
  4 frilled lizards
  A leopard gecko skeleton (D:7)
  10 rats
  3 fungi (Lair:2)
  8 plants
545 creatures vanquished.

Vanquished Creatures (others)
  A naga (Lab)
  A slave (D:6)
  2 jellies (Lair:6)
  An orc priest (D:10)
  An adder skeleton (D:4)
  An orc (D:10)
  A giant cockroach (D:4)
  2 fungi
  2 plants
12 creatures vanquished.

Grand Total: 557 creatures vanquished

Notes
Turn   | Place    | Note
-------+----------+-------------------------------------------
     0 | D:1      | Gorglomux the Formicid Warper began the quest for the Orb.
     0 | D:1      | Reached XP level 1. HP: 16/16 MP: 3/3
   260 | D:1      | Reached XP level 2. HP: 20/22 MP: 5/5
   418 | D:1      | Reached skill level 3 in Axes
   660 | D:2      | Reached XP level 3. HP: 24/27 MP: 6/6
  1055 | D:2      | Reached XP level 4. HP: 28/33 MP: 7/7
  1066 | D:2      | Found a faded altar of an unknown god.
  1244 | D:2      | Noticed Terence
  1303 | D:2      | Noticed Natasha
  1343 | D:1      | Killed Terence
  1343 | D:1      | Reached skill level 1 in Shields
  1343 | D:1      | Reached XP level 5. HP: 39/39 MP: 8/8
  1628 | D:2      | Found a sacrificial altar of Ru.
  1696 | D:2      | Killed Natasha
  2335 | D:3      | Reached skill level 3 in Fighting
  2335 | D:3      | Reached XP level 6. HP: 47/47 MP: 9/9
  2910 | D:4      | Noticed an orc warrior
  3067 | D:4      | Reached skill level 3 in Shields
  3067 | D:4      | Reached XP level 7. HP: 8/53 MP: 10/10
  3716 | D:4      | Reached skill level 6 in Axes
  3755 | D:4      | Reached XP level 8. HP: 29/62 MP: 11/11
  4035 | D:4      | Noticed Pikel
  4072 | D:4      | Killed Pikel
  4072 | D:4      | Reached skill level 6 in Fighting
  4072 | D:4      | Reached skill level 6 in Shields
  4687 | D:5      | Entered Level 5 of the Dungeon
  5135 | D:5      | Found a staircase to the Ecumenical Temple.
  5378 | Temple   | Entered the Ecumenical Temple
  5385 | Temple   | Became a worshipper of Warmaster Okawaru
  5618 | D:6      | Reached XP level 9. HP: 36/71 MP: 12/12
  5804 | D:6      | Noticed Menkaure
  5816 | D:6      | Killed Menkaure
  6202 | D:6      | Noticed Blork the orc
  6215 | D:6      | Killed Blork the orc
  6585 | D:6      | Found a deep blue altar of Sif Muna.
  6852 | D:6      | Noticed Sigmund
  6864 | D:6      | Killed Sigmund
  7012 | D:7      | Reached * piety under Okawaru
  7209 | D:7      | Noticed a deep elf mage
  7210 | D:7      | Noticed a manticore
  7211 | D:7      | Noticed a manticore
  7212 | D:7      | Noticed a slime creature
  7220 | D:7      | You fall through a shaft for 3 floors!
  7220 | D:10     | Entered Level 10 of the Dungeon
  7504 | D:10     | Reached skill level 3 in Armour
  7504 | D:10     | Reached skill level 3 in Dodging
  7528 | D:10     | Reached XP level 10. HP: 58/80 MP: 13/13
  7542 | D:10     | Reached ** piety under Okawaru
  7900 | D:9      | Noticed Maurice
  7918 | D:9      | Killed Maurice
  7918 | D:9      | Reached skill level 1 in Invocations
  8407 | D:7      | Reached *** piety under Okawaru
  8411 | D:7      | Noticed a manticore
  8421 | D:7      | You fall through a shaft for 3 floors!
  8708 | D:10     | Reached skill level 3 in Invocations
  8939 | D:10     | Reached skill level 9 in Fighting
  8939 | D:10     | Reached skill level 9 in Axes
  9136 | D:10     | Noticed a gargoyle
  9155 | D:10     | Killed a gargoyle
  9155 | D:10     | Reached **** piety under Okawaru
  9155 | D:10     | Reached XP level 11. HP: 24/89 MP: 14/14
  9313 | D:9      | Found a radiant altar of Vehumet.
  9620 | D:7      | Killed a manticore
  9955 | D:7      | Reached skill level 6 in Armour
  9957 | D:7      | Killed a manticore
  9977 | D:7      | Killed a deep elf mage
  9994 | D:7      | Reached ***** piety under Okawaru
 10049 | D:7      | You fall through a shaft for 2 floors!
 10522 | D:8      | Found a staircase to the Lair.
 10923 | D:8      | Noticed a two-headed ogre
 10929 | D:8      | Killed a two-headed ogre
 11298 | D:9      | Received a gift from Okawaru
 11397 | D:9      | Reached skill level 6 in Invocations
 11509 | D:9      | Noticed George's ghost (journeyman DrCj)
 11517 | D:9      | Killed George's ghost
 11577 | D:9      | Reached XP level 12. HP: 84/97 MP: 13/17
 11781 | D:10     | Found a staircase to the Orcish Mines.
 12531 | D:11     | Found Immuk's General Store.
 12537 | D:11     | Bought a potion of resistance for 160 gold pieces
 12537 | D:11     | Bought a scroll of silence for 120 gold pieces
 13067 | D:12     | Identified Xour's Guide on Flames
 13435 | D:12     | Noticed a four-headed hydra
 13460 | D:12     | Killed a nine-headed hydra
 14101 | Lair:1   | Entered Level 1 of the Lair of Beasts
 14299 | Lair:1   | Received a gift from Okawaru
 14337 | Lair:1   | Noticed zhorgal's ghost (journeyman DDFi)
 14347 | Lair:1   | Killed zhorgal's ghost
 14365 | Lair:1   | Reached skill level 9 in Armour
 14627 | Lair:1   | Reached XP level 13. HP: 105/105 MP: 19/19
 14632 | Lair:1   | Reached skill level 9 in Invocations
 15243 | Lair:2   | Noticed Fannar
 15254 | Lair:2   | Noticed Erica
 15262 | Lair:2   | Killed Fannar
 15262 | Lair:2   | Killed Erica
 15279 | Lair:2   | Reached skill level 12 in Fighting
 15505 | Lair:2   | Noticed a seven-headed hydra
 15952 | Lair:3   | Received a gift from Okawaru
 16013 | Lair:3   | Reached skill level 12 in Axes
 16213 | Lair:3   | Reached ****** piety under Okawaru
 16221 | Lair:3   | Received a gift from Okawaru
 16226 | Lair:3   | Reached XP level 14. HP: 67/117 MP: 20/20
 16539 | Lair:3   | Found a hole to the Spider Nest.
 17112 | Lair:4   | Received a gift from Okawaru
 17371 | Lair:4   | Noticed Harold
 17398 | Lair:4   | Killed Harold
 17836 | Lair:4   | Found a staircase to the Shoals.
 18206 | Lair:5   | Found a viscous altar of Jiyva.
 18207 | Lair:5   | Identified a scroll of acquirement
 18214 | Lair:5   | Found a staircase to the Slime Pits.
 18467 | Lair:5   | Reached skill level 12 in Armour
 18747 | Lair:5   | Fell from the grace of Okawaru
 18747 | Lair:5   | Became a worshipper of Jiyva Jaipsism the Shapeless
 18756 | Lair:6   | Entered Level 6 of the Lair of Beasts
 18998 | Lair:6   | Found a labyrinth entrance.
 19015 | Lab      | Entered a labyrinth
 19070 | Lab      | Noticed a deep elf blademaster
 19088 | Lab      | HP: 4/118 [cyclops/large rock[the fury of Okawaru] (40)]
 19094 | Lab      | Killed a deep elf blademaster
 19098 | Lab      | Slain by a naga warrior

Vault maps used:
D:1:      eino_arrival_cavern_a
D:2:      marbit_many_paths, chequers_ecumenical_altar_island, uniq_terence,
          uniq_natasha, uniq_crazy_yiuf_cottage
D:4:      first_bread, minmay_a_box_with_orc_wizards_in_it, uniq_pikel
D:5:      temple_doors_e, serial_co_window_serial, co_window_paths_a,
          co_window_of_opportunity_a, co_window_paths_b, co_window_paths_a,
          co_window_paths_a, co_window_broadway_a, co_window_corner_ca,
          co_window_broadway_a, glass_columns_c, glass_columns_a
D:6:      kennysheep_orc_sif_temple, uniq_menkaure, uniq_blork_the_orc,
          uniq_sigmund
D:7:      nicolae_whirlpool, the_bakery, minmay_the_grid_square_5x5_3x3
D:8:      lair_entry_dummy, kennysheep_decorative_pillar, grunt_potential
D:9:      vehumet_altar_wand_db, uniq_maurice
D:10:     hiddenorc2_lemuel, minmay_misc_feat_tower, minivault_5, st_stairs_13
D:11:     serial_shops, shop, minmay_misc_feat_hallway
Temple:   regret_index_temple_chain_breaker
Lair:1:   dpeg_oklob_gauntlet, lemuel_fruit_tree
Lair:2:   infiniplex_staircase_pool, serial_bayou_shore_a, uniq_fannar,
          uniq_gastronok, uniq_erica
Lair:3:   regret_index_wax_grids, spider_nest_entry_web_field
Lair:4:   cheibrodos_magma_flow, elwin_shoals_entry_rooms, uniq_harold
Lair:5:   slime_altar_1
Lair:6:   grunt_lair_end_beastmaster, lab_entry_generic, serial_bayou_ford_a
Lab:      nicolae_lab_hexagon, nicolae_lab_diamond, nicolae_lab_garden,
          nicolae_lab_blocks, nicolae_lab_lava, labyrinth_lava_lair,
          nicolae_lab_t_cross, labyrinth_skeletal_remains

Skill      XL: |  1  2  3  4  5  6  7  8  9 10 11 12 13 14 |
---------------+-------------------------------------------+-----
Axes           | 3 4 5 6 7 8 9 10 11 12 13 | 13.0
Shields        | 1 2 3 4 6 7 |  7.1
Fighting       | 3 5 6 8 9 10 11 13 | 13.8
Dodging        | 3 4 5 |  5.5
Armour         | 3 5 7 9 11 12 | 12.1
Invocations    | 4 6 8 9 |  9.2
Throwing       | |  1.0
Spellcasting   | |  2.1
Translocations | |  2.6

Action                   |  1- 3 |  4- 6 |  7- 9 | 10-12 | 13-15 || total
-------------------------+-------+-------+-------+-------+-------++-------
Melee: Hand axe          |    82 |   223 |       |    20 |       ||   325
       War axe           |       |    62 |   286 |   257 |       ||   605
       Executioner's axe |       |       |       |   300 |   375 ||   675
 Fire: Blowgun           |       |       |       |     9 |       ||     9
Invok: Heroism           |       |       |     1 |     3 |     6 ||    10
       Finesse           |       |       |       |     1 |     1 ||     2
 Abil: Dig               |       |       |     5 |     3 |     9 ||    17
       Shaft Self        |       |       |     1 |     2 |       ||     3
  Use: Scroll            |       |       |     1 |    14 |     4 ||    19
       Potion            |       |       |       |     1 |     4 ||     5
 Stab: Sleeping          |     1 |     4 |     9 |    11 |     3 ||    28
       Distracted        |       |     1 |     2 |     1 |     1 ||     5
       Invisible         |       |       |       |       |     1 ||     1
  Eat: Chunk             |       |     7 |     6 |    27 |    15 ||    55
       Bread ration      |       |       |     2 |     1 |       ||     3
       Fruit             |       |       |       |     2 |       ||     2
       Royal jelly       |       |       |       |     1 |       ||     1
Armor: Leather armour    |     7 |       |       |       |       ||     7
       Ring mail         |    27 |       |       |       |       ||    27
       Shadow dragon sca |    12 |   203 |   119 |   283 |   217 ||   834
Dodge: Dodged            |    46 |   124 |    79 |   217 |   210 ||   676
Block: Buckler           |       |       |    65 |    35 |       ||   100
       Shield            |       |       |       |   327 |   244 ||   571
